AoeStats
← 用户1623433

Nomad

504628414Analyzed
4v4 RM · 28d ago on Sep 6, 2026· 34m 48s· 8 players
Game mode
Random Map
Map size
231×231
Population
200
Speed
Normal
Resources
Standard
Victory
Conquest
Starting age
Dark Age
Ending age
Imperial Age
RankedLock teamsTeams togetherTeam positionsShared explorationLock speedFull tech treeHidden civsTurbo modeCheats
Victory
Defeat
🇵🇾 Bulgarians · Paraguay
1159
+15
🇨🇿 Maya · Czechia
1108
+17
🇧🇷 Goths · Brazil
1077
+18
🇨🇳 Huns · China
1067
+19
🇲🇽 Poles · Mexico
1186
-19
🇲🇽 Khmer · Mexico
1122
-17
🇨🇳 Berbers · China
1115
-17
🇨🇳 Japanese · China
1109
-16
andrewcarnegiehill_2006
16:29 Feudal Age
19:59 Castle Age
19:27 Horse Collar
23:56 Loom
Tlacaelel.MX
5:09 Loom
13:32 Feudal Age
19:54 Castle Age
18:22 Double-Bit Axe
19:50 Wheelbarrow
20:36 Fishing Lines
22:09 Bloodlines
22:18 Bloodlines
22:30 Light Cavalry
25:21 Gillnets
26:29 Scale Barding Armor
26:57 Husbandry
29:36 Chain Barding Armor
30:32 Bow Saw
30:41 Town Watch
34:37 Forging
34:54 Hand Cart
378080739
4:16 Loom
16:25 Feudal Age
22:57 Castle Age
21:29 Fletching
21:40 Padded Archer Armor
22:13 Fishing Lines
24:48 Bodkin Arrow
25:18 Stone Mining
25:52 Double-Bit Axe
用户1623433
8:07 Loom
13:47 Feudal Age
19:26 Castle Age
19:32 Horse Collar
21:01 Crossbowman
22:26 Fletching
23:28 Bloodlines
22:54 Crossbowman
27:53 Forging
30:55 Wheelbarrow
32:49 Double-Bit Axe
34:19 Fortified Wall
34:22 Padded Archer Armor
34:19 Elite Skirmisher
® BLACK WOLF ®
7:01 Loom
16:57 Feudal Age
17:52 Double-Bit Axe
22:23 Castle Age
24:27 Wheelbarrow
26:14 Squires
25:35 Pikeman
27:28 Forging
27:19 Scale Mail Armor
29:10 Iron Casting
30:33 Fishing Lines
30:52 Gold Mining
34:53 Bow Saw
35:19 Chain Mail Armor
DANICW82
5:01 Loom
14:21 Feudal Age
18:39 Castle Age
17:39 Stone Mining
18:22 Fletching
18:24 Gold Mining
18:26 Double-Bit Axe
19:43 Bodkin Arrow
24:05 Horse Collar
26:05 Heavy Plow
省委高育良
14:33 Feudal Age
20:29 Castle Age
19:24 Horse Collar
20:12 Stone Mining
20:13 Double-Bit Axe
24:29 Heavy Plow
29:13 Gold Mining
36:04 Imperial Age
33:42 Marauders
33:57 Bow Saw
35:54 Gold Shaft Mining
Super Grek)
14:47 Feudal Age
15:40 Double-Bit Axe
18:31 Gold Mining
18:57 Padded Archer Armor
19:46 Fletching
20:39 Fishing Lines
24:59 Castle Age
26:36 Wheelbarrow
25:25 Crossbowman
26:39 Thumb Ring
29:59 Hand Cart
33:23 Bodkin Arrow
Connection lost

Rejoining the realm…

Still unreachable

The connection could not be restored.

Session expired

The server has moved on; the page needs a fresh start.